Whalers vs Islanders

Created - 16 mai 2022 at 13:55

Goals
1 2 3 T
Whalers 1 1 0 2
Islanders 1 0 0 1
Shots
1 2 3 T
Whalers 7 14 3 24
Islanders 21 6 10 37

1st period

1. Whalers , Timo Meier 3 (Vladimir Tarasenko 3, Joe Pavelski 7) at 6:36
2. Islanders , Erik Gudbranson 1 (Johnny Gaudreau 4, Brian Dumoulin 2) at 15:05

Penalties :
Jordan Staal (NYI) for Hooking (Minor) at 9:31

2nd period

3. Whalers , Sean Couturier 5 (David Savard 4, David Perron 12) at 16:02

Penalties :
No Penalty

3rd period

No Goal

Penalties :
Timo Meier (HAR) for Cross-checking (Minor) at 1:28, Erik Gudbranson (NYI) for Hooking (Minor) at 4:27, Jordan Staal (NYI) for Roughing (Minor) at 9:27, David Savard (HAR) for Tripping (Minor) at 13:42

Goalie Stats

Jacob Markstrom (HAR), 36 saves from 37 shots - (0,973), W, 6-2-1, 60:00 minutes
Henrik Lundqvist (NYI), 22 saves from 24 shots - (0,917), L, 2-2-0, 59:39 minutes

Players Stats for Whalers

Player Name              G  A  P  +/- PIM S  H  SB GA TA FO     MP     PP MP  PK MP  
------------------------------------------------------------------------------------
Bryan Rust               0  0  0   0  0   3  2  0  1  0  0/2    17:36   2:22   0:00 
Christian Dvorak         0  0  0   0  0   3  0  2  0  0  7/17   17:14   0:36   1:59 
David Perron             0  1  1   0  0   0  1  0  2  0  0/0    18:27   2:25   0:25 
David Savard             0  1  1   0  2   1  2  2  0  0  0/0    18:26   0:00   0:33 
Drake Batherson          0  0  0   0  0   1  1  1  2  0  1/2    14:14   0:53   0:00 
Joe Pavelski             0  1  1   1  0   2  2  1  0  0  14/22  16:52   2:49   0:00 
Justin Faulk             0  0  0   1  0   1  0  2  0  3  0/0    26:20   3:23   2:07 
Mike Hardman             0  0  0   0  0   1  6  2  0  1  0/0    13:39   0:18   0:00 
Nikita Zadorov           0  0  0   1  0   1  1  2  0  1  0/0    19:15   1:43   2:38 
Riley Nash               0  0  0   0  0   0  0  0  1  0  0/0     8:53   0:00   1:24 
Roman Josi               0  0  0   0  0   0  1  3  0  1  0/0    22:04   2:48   0:47 
Scott Mayfield           0  0  0   1  0   0  0  0  0  1  0/0    10:12   0:51   0:00 
Sean Couturier           1  0  1   0  0   2  5  1  0  0  5/12   19:24   2:24   0:22 
Shane Pinto              0  0  0   0  0   2  1  1  1  0  1/2     8:05   0:00   1:57 
Timo Meier               1  0  1   1  2   3  1  2  0  0  0/1    17:25   3:05   0:25 
Tobias Rieder            0  0  0   0  0   1  0  1  0  0  0/1     7:38   0:00   1:24 
Vladimir Tarasenko       0  1  1   1  0   2  0  0  0  0  0/0    18:08   2:59   0:00 
Zachary Jones            0  0  0  -1  0   1  1  3  0  0  0/0    22:08   3:09   1:51 

Players Stats for Islanders

Player Name              G  A  P  +/- PIM S  H  SB GA TA FO     MP     PP MP  PK MP  
------------------------------------------------------------------------------------
Brad Richardson          0  0  0   0  0   0  0  0  0  0  3/4    10:12   0:00   2:52 
Brady Skjei              0  0  0  -2  0   0  1  3  0  2  0/0    21:58   1:58   3:20 
Braydon Coburn           0  0  0   0  0   0  2  0  0  0  0/0    23:14   0:26   2:37 
Brian Dumoulin           0  1  1   1  0   2  1  1  0  0  0/0    16:14   1:58   0:38 
Brock Nelson             0  0  0   1  0   0  2  0  0  0  7/15   17:00   2:09   0:14 
Erik Gudbranson          1  0  1   1  2   3  1  1  0  2  0/0    14:54   0:00   2:03 
Evgeny Kuznetsov         0  0  0  -1  0   3  1  1  1  0  1/2    17:47   1:49   0:30 
Jake Muzzin              0  0  0   0  0   1  0  0  0  0  0/0    23:12   1:34   2:37 
Jean-Gabriel Pageau      0  0  0  -1  0   4  1  1  2  0  7/11   17:31   1:49   0:14 
Johnny Gaudreau          0  1  1   1  0   7  0  0  0  0  0/2    15:39   2:09   0:00 
Jordan Staal             0  0  0  -1  4   4  0  1  2  2  10/19  15:47   1:49   0:00 
Mathew Dumba             0  0  0  -2  0   1  1  2  0  1  0/0    20:30   2:00   0:39 
Nick Bonino              0  0  0  -1  0   2  0  0  0  0  1/1    17:40   0:00   2:18 
Nick Paul                0  0  0  -1  0   1  1  0  0  0  1/1    15:24   0:00   2:50 
Rem Pitlick              0  0  0   1  0   3  1  0  1  0  0/0    16:48   2:09   0:00 
Rickard Rakell           0  0  0  -1  0   3  1  0  0  0  0/1    12:59   0:00   0:00 
Ryan Carpenter           0  0  0   0  0   2  1  0  0  0  1/3     9:10   0:00   2:56 
Sam Gagner               0  0  0   0  0   1  0  0  1  0  0/0     8:01   0:00   0:00 

3 Stars

1 - Jacob Markstrom (HAR)
2 - Sean Couturier (HAR)
3 - Timo Meier (HAR)

Power Play

Whalers - 0 on 3 Attempt(s) - 0,00%
Islanders - 0 on 2 Attempt(s) - 0,00%

Penalty Kill

Whalers - 2 on 2 Attempt(s) - 100,00% - Score 0 goal in Penalty Kill
Islanders - 3 on 3 Attempt(s) - 100,00% - Score 0 goal in Penalty Kill

Team Stat

Whalers - Hits : 24 - Faceoff Wins : 28 - Blocked Shots : 23 - Penalty Minutes : 4
Islanders - Hits : 14 - Faceoff Wins : 31 - Blocked Shots : 10 - Penalty Minutes : 6

Official

Referees : Kendrick Nicholson and Tom Chmielewski
Linesman : Kyle Allen and Ryan Galloway

Game Notes

Scott Mayfield is injured at 10:16 of 2nd period (Torso)

Finance

Level 1 -- Attendance: 6000 (100,00%) -- Ticket Income 600 000 $
Level 2 -- Attendance: 5000 (100,00%) -- Ticket Income 300 000 $
Level 3 -- Attendance: 2000 (100,00%) -- Ticket Income 70 000 $
Level 4 -- Attendance: 4000 (100,00%) -- Ticket Income 80 000 $
Luxury Box -- Attendance: 1000 (100,00%) -- Ticket Income 200 000 $
Game was played at the Long Island Arena.
Total Attendance: 18000 (100,00%)
Total Ticket Income: 1 250 000 $
Other Income: 612 500 $
Total Income: 1 862 500 $

Whalers

5 vs 5 Forward 
   Center                   Left Wing                Right Wing               Time % Phy DF OF 
 1 Sean Couturier           Bryan Rust               David Perron             33     0   2  3  
 2 Joe Pavelski             Timo Meier               Vladimir Tarasenko       31     0   2  3  
 3 Christian Dvorak         Mike Hardman             Drake Batherson          31     0   2  3  
 4 Shane Pinto              Tobias Rieder            Riley Nash               5      0   2  3  

5 vs 5 Defense 
   Defense                  Defense                                           Time % Phy DF OF 
 1 Justin Faulk             Roman Josi                                        38     0   3  2  
 2 Nikita Zadorov           Scott Mayfield                                    33     0   3  2  
 3 David Savard             Zachary Jones                                     29     0   3  2  
 4 Justin Faulk             Nikita Zadorov                                    0      0   3  2  

PowerPlay Forward 
   Center                   Left Wing                Right Wing               Time % Phy DF OF 
 1 Joe Pavelski             Bryan Rust               David Perron             50     0   0  5  
 2 Sean Couturier           Timo Meier               Vladimir Tarasenko       50     0   0  5  

PowerPlay Defense
   Defense                  Defense                                           Time % Phy DF OF 
 1 Justin Faulk             Roman Josi                                        50     0   0  5  
 2 Scott Mayfield           Zachary Jones                                     50     0   0  5  

Penalty Kill 4 Players Forward 
   Center                   Wing                     Time % Phy DF OF 
 1 Christian Dvorak         Shane Pinto              55     0   5  0  
 2 Riley Nash               Tobias Rieder            45     0   5  0  

Penalty Kill 4 Players Defense
   Defense                  Defense                  Time % Phy DF OF 
 1 Justin Faulk             David Savard             50     0   5  0  
 2 Nikita Zadorov           Scott Mayfield           50     0   5  0  

Penalty Kill - 3 Players Forward 
   Forward                                           Time % Phy DF OF 
 1 Christian Dvorak                                  50     0   5  0  
 2 Riley Nash                                        50     0   5  0  

Penalty Kill - 3 Players Defense
   Defense                  Defense                  Time % Phy DF OF 
 1 Justin Faulk             David Savard             50     0   5  0  
 2 Nikita Zadorov           Scott Mayfield           50     0   5  0  

4 vs 4 Forward 
   Center                   Wing                     Time % Phy DF OF 
 1 Joe Pavelski             Christian Dvorak         60     0   2  3  
 2 Sean Couturier           Vladimir Tarasenko       40     0   2  3  

4 vs 4 Defense
   Defense                  Defense                  Time % Phy DF OF 
 1 Justin Faulk             Roman Josi               50     0   3  2  
 2 Nikita Zadorov           David Savard             50     0   3  2  

Last Minutes Offensive
   Center                   Left Wing                Right Wing               Defense                  Defense                  
   Joe Pavelski             David Perron             Vladimir Tarasenko       Justin Faulk             Roman Josi               

Last Minutes Defensive
   Center                   Left Wing                Right Wing               Defense                  Defense                  
   Sean Couturier           Christian Dvorak         Riley Nash               Scott Mayfield           David Savard             

Goaltenders
Starting : Jacob Markstrom          
Backup : Laurent Brossoit         

Extra Forwards
Normal : Joe Pavelski, David Perron, Sean Couturier - PP : Drake Batherson, Christian Dvorak - PK : Timo Meier
Extra Defensemen
Normal : Justin Faulk, Scott Mayfield, Zachary Jones - PP : Nikita Zadorov - PK : Scott Mayfield, Justin Faulk
Penalty Shots
Joe Pavelski, Vladimir Tarasenko, Drake Batherson, Bryan Rust, David Perron
Custom OT Lines Forwards
Joe Pavelski, Sean Couturier, David Perron, Bryan Rust, Christian Dvorak, Drake Batherson, Timo Meier, Vladimir Tarasenko, Mike Hardman, Riley Nash
Custom OT Lines Defensemen
Justin Faulk, Nikita Zadorov, Roman Josi, David Savard, Scott Mayfield

Scratches
Sean Walker (Healthy), Reilly Smith (Torn Left Knee Ligaments Injury), Jacob Middleton (Lower Body Injury)

Islanders

5 vs 5 Forward 
   Center                   Left Wing                Right Wing               Time % Phy DF OF 
 1 Brock Nelson             Johnny Gaudreau          Rem Pitlick              32     1   2  2  
 2 Jean-Gabriel Pageau      Nick Bonino              Evgeny Kuznetsov         32     1   2  2  
 3 Jordan Staal             Nick Paul                Rickard Rakell           32     1   2  2  
 4 Brad Richardson          Sam Gagner               Ryan Carpenter           4      1   3  1  

5 vs 5 Defense 
   Defense                  Defense                                           Time % Phy DF OF 
 1 Brady Skjei              Mathew Dumba                                      37     1   2  2  
 2 Jake Muzzin              Braydon Coburn                                    37     1   2  2  
 3 Brian Dumoulin           Erik Gudbranson                                   26     1   3  1  
 4 Brady Skjei              Mathew Dumba                                      0      1   2  2  

PowerPlay Forward 
   Center                   Left Wing                Right Wing               Time % Phy DF OF 
 1 Brock Nelson             Johnny Gaudreau          Rem Pitlick              60     0   0  5  
 2 Jordan Staal             Evgeny Kuznetsov         Jean-Gabriel Pageau      40     0   0  5  

PowerPlay Defense
   Defense                  Defense                                           Time % Phy DF OF 
 1 Jake Muzzin              Mathew Dumba                                      60     0   1  4  
 2 Brady Skjei              Brian Dumoulin                                    40     0   1  4  

Penalty Kill 4 Players Forward 
   Center                   Wing                     Time % Phy DF OF 
 1 Brad Richardson          Ryan Carpenter           50     0   4  1  
 2 Nick Bonino              Nick Paul                50     0   4  1  

Penalty Kill 4 Players Defense
   Defense                  Defense                  Time % Phy DF OF 
 1 Brady Skjei              Erik Gudbranson          50     1   4  0  
 2 Jake Muzzin              Braydon Coburn           50     1   4  0  

Penalty Kill - 3 Players Forward 
   Forward                                           Time % Phy DF OF 
 1 Brad Richardson                                   50     0   5  0  
 2 Nick Bonino                                       50     0   5  0  

Penalty Kill - 3 Players Defense
   Defense                  Defense                  Time % Phy DF OF 
 1 Brady Skjei              Erik Gudbranson          50     1   4  0  
 2 Jake Muzzin              Braydon Coburn           50     1   4  0  

4 vs 4 Forward 
   Center                   Wing                     Time % Phy DF OF 
 1 Brock Nelson             Johnny Gaudreau          50     1   2  2  
 2 Jean-Gabriel Pageau      Evgeny Kuznetsov         50     1   2  2  

4 vs 4 Defense
   Defense                  Defense                  Time % Phy DF OF 
 1 Brady Skjei              Mathew Dumba             50     1   2  2  
 2 Jake Muzzin              Braydon Coburn           50     1   2  2  

Last Minutes Offensive
   Center                   Left Wing                Right Wing               Defense                  Defense                  
   Brock Nelson             Johnny Gaudreau          Rem Pitlick              Jake Muzzin              Mathew Dumba             

Last Minutes Defensive
   Center                   Left Wing                Right Wing               Defense                  Defense                  
   Jordan Staal             Nick Bonino              Jean-Gabriel Pageau      Braydon Coburn           Erik Gudbranson          

Goaltenders
Starting : Henrik Lundqvist         
Backup : James Reimer             

Extra Forwards
Normal : Jean-Gabriel Pageau, Jordan Staal, Brock Nelson - PP : Rickard Rakell, Nick Bonino - PK : Jean-Gabriel Pageau
Extra Defensemen
Normal : Brian Dumoulin, Brady Skjei, Jake Muzzin - PP : Braydon Coburn - PK : Brian Dumoulin, Mathew Dumba
Penalty Shots
Evgeny Kuznetsov, Johnny Gaudreau, Jake Muzzin, Rem Pitlick, Nick Bonino
Custom OT Lines Forwards
Brock Nelson, Johnny Gaudreau, Jean-Gabriel Pageau, Evgeny Kuznetsov, Jordan Staal, Rem Pitlick, Nick Bonino, Rickard Rakell, Nick Paul, Sam Gagner
Custom OT Lines Defensemen
Mathew Dumba, Brady Skjei, Jake Muzzin, Braydon Coburn, Brian Dumoulin

Scratches
Craig Smith (Healthy), Ian Cole (Healthy)

% Time on Ice - Whalers

Lines # - Real PCT - Wanted PCT - Time Play
Normal Forward
1 - 32% - 33% - 15:31
2 - 29% - 31% - 14:07
3 - 27% - 31% - 13:04
4 - 13% - 5% - 6:08
Normal Defense
1 - 36% - 38% - 17:49
2 - 36% - 33% - 17:21
3 - 28% - 29% - 13:40
4 - 0% - 0% - 0:00
PP Forward
1 - 48% - 50% - 2:52
2 - 52% - 50% - 3:05
PP Defense
1 - 47% - 50% - 2:48
2 - 53% - 50% - 3:09
PK Forward
1 - 65% - 55% - 2:34
2 - 35% - 45% - 1:24
PK Defense
1 - 36% - 50% - 1:25
2 - 64% - 50% - 2:33
PK3 Forward
1 - 0% - 50%
2 - 0% - 50%
PK3 Defense
1 - 0% - 50%
2 - 0% - 50%
44 Forward
1 - 0% - 60%
2 - 0% - 40%
44 Defense
1 - 0% - 50%
2 - 0% - 50%
Last Minute Offensive  - 0:00
Last Minute Defensive  - 1:15
Total
Forward - 60:00
Defense - 60:00

% Time on Ice - Islanders

Lines # - Real PCT - Wanted PCT - Time Play
Normal Forward
1 - 28% - 32% - 13:31
2 - 35% - 32% - 16:54
3 - 26% - 32% - 12:34
4 - 12% - 4% - 5:51
Normal Defense
1 - 37% - 37% - 17:56
2 - 37% - 37% - 18:10
3 - 26% - 26% - 12:44
4 - 0% - 0% - 0:00
PP Forward
1 - 54% - 60% - 2:09
2 - 46% - 40% - 1:49
PP Defense
1 - 50% - 60% - 2:00
2 - 50% - 40% - 1:58
PK Forward
1 - 52% - 50% - 3:04
2 - 48% - 50% - 2:53
PK Defense
1 - 56% - 50% - 3:20
2 - 44% - 50% - 2:37
PK3 Forward
1 - 0% - 50%
2 - 0% - 50%
PK3 Defense
1 - 0% - 50%
2 - 0% - 50%
44 Forward
1 - 0% - 50%
2 - 0% - 50%
44 Defense
1 - 0% - 50%
2 - 0% - 50%
Last Minute Offensive  - 1:15
Last Minute Defensive  - 0:00
Total
Forward - 60:00
Defense - 60:00

Play-by-Play

1st period


0:01 of 1st period - Brock Nelson wins face-off versus Sean Couturier in neutral zone.
0:07 of 1st period - Off-side.
0:08 of 1st period - Sean Couturier wins face-off versus Johnny Gaudreau in neutral zone.
0:39 of 1st period - Justin Faulk is hit by Mathew Dumba and loses puck.
0:57 of 1st period - Icing by Timo Meier.
0:58 of 1st period - Joe Pavelski wins face-off versus Jordan Staal in Whalers zone.
0:58 of 1st period - Joe Pavelski is hit by Nick Paul.
1:04 of 1st period - Wrist shot by Jordan Staal.
1:04 of 1st period - Shot Misses the Net.
1:10 of 1st period - Wrist shot by Rickard Rakell.
1:10 of 1st period - Shot Blocked by Roman Josi.
1:12 of 1st period - Backhand shot by Braydon Coburn.
1:12 of 1st period - Deflect By Jordan Staal.
1:12 of 1st period - Shot Misses the Net.
1:12 of 1st period - Puck is out of play.
1:13 of 1st period - Christian Dvorak wins face-off versus Brad Richardson in Whalers zone.
1:18 of 1st period - Brad Richardson is hit by Mike Hardman and loses puck.
2:00 of 1st period - Wrist shot by Brock Nelson.
2:00 of 1st period - Shot Blocked by Nikita Zadorov.
2:02 of 1st period - Snap shot by Brian Dumoulin.
2:02 of 1st period - Shot Misses the Net.
2:04 of 1st period - Wrist shot by Brock Nelson.
2:04 of 1st period - Shot Misses the Net.
2:06 of 1st period - Slapshot by Johnny Gaudreau.
2:06 of 1st period - Shot Misses the Net.
2:24 of 1st period - Wrist shot by Jean-Gabriel Pageau.
2:24 of 1st period - Stopped by Jacob Markstrom without a rebound.
2:25 of 1st period - Jordan Staal wins face-off versus Christian Dvorak in Whalers zone.
2:26 of 1st period - Slapshot by Rickard Rakell.
2:26 of 1st period - Shot Blocked by David Savard.
2:50 of 1st period - Zachary Jones is hit by Brock Nelson and loses puck.
2:55 of 1st period - Wrist shot by Johnny Gaudreau.
2:55 of 1st period - Stopped by Jacob Markstrom without a rebound.
2:56 of 1st period - Brock Nelson wins face-off versus Sean Couturier in Whalers zone.
3:11 of 1st period - Snap shot by David Perron.
3:11 of 1st period - Shot Misses the Net.
3:13 of 1st period - Snap shot by Roman Josi.
3:13 of 1st period - Shot Blocked by Brady Skjei.
3:45 of 1st period - Wrist shot by Sam Gagner.
3:45 of 1st period - Deflect By Ryan Carpenter.
3:45 of 1st period - Stopped by Jacob Markstrom with a rebound.
3:47 of 1st period - Slapshot by Jake Muzzin.
3:47 of 1st period - Shot Blocked by Roman Josi.
4:36 of 1st period - Brock Nelson is hit by Sean Couturier and loses puck.
5:33 of 1st period - Wrist shot by Rem Pitlick.
5:33 of 1st period - Shot Blocked by Zachary Jones.
5:47 of 1st period - Snap shot by Johnny Gaudreau.
5:47 of 1st period - Shot Blocked by David Savard.
5:49 of 1st period - Slapshot by Johnny Gaudreau.
5:49 of 1st period - Shot Blocked by Tobias Rieder.
5:55 of 1st period - Snap shot by Johnny Gaudreau.
5:55 of 1st period - Shot Misses the Net.
5:57 of 1st period - Slapshot by Brian Dumoulin.
5:57 of 1st period - Stopped by Jacob Markstrom without a rebound.
5:58 of 1st period - Jean-Gabriel Pageau wins face-off versus Sean Couturier in Whalers zone.
6:25 of 1st period - Jean-Gabriel Pageau is hit by Drake Batherson and loses puck.
6:32 of 1st period - Snap shot by Christian Dvorak.
6:32 of 1st period - Stopped by Henrik Lundqvist without a rebound.
6:33 of 1st period - Joe Pavelski wins face-off versus Jordan Staal in Islanders zone.
6:36 of 1st period - Slapshot by Timo Meier.
6:36 of 1st period - Goal by Timo Meier - Whalers : 1 - Islanders : 0.
6:37 of 1st period - Joe Pavelski wins face-off versus Jordan Staal in neutral zone.
7:08 of 1st period - Snap shot by Sean Couturier.
7:08 of 1st period - Shot Blocked by Brady Skjei.
7:34 of 1st period - Slapshot by Sam Gagner.
7:34 of 1st period - Shot Misses the Net.
7:58 of 1st period - Snap shot by Tobias Rieder.
7:58 of 1st period - Deflect By Shane Pinto.
7:58 of 1st period - Stopped by Henrik Lundqvist without a rebound.
7:59 of 1st period - Nick Bonino wins face-off versus Sean Couturier in Islanders zone.
8:06 of 1st period - Jake Muzzin is hit by Sean Couturier and loses puck.
8:13 of 1st period - Snap shot by Jean-Gabriel Pageau.
8:13 of 1st period - Stopped by Jacob Markstrom without a rebound.
8:14 of 1st period - Jordan Staal wins face-off versus Joe Pavelski in Whalers zone.
8:19 of 1st period - Backhand shot by Jordan Staal.
8:19 of 1st period - Shot Misses the Net.
9:04 of 1st period - Wrist shot by Johnny Gaudreau.
9:04 of 1st period - Shot Misses the Net.
9:08 of 1st period - Snap shot by Brock Nelson.
9:08 of 1st period - Shot Misses the Net.
9:10 of 1st period - Slapshot by Erik Gudbranson.
9:10 of 1st period - Stopped by Jacob Markstrom without a rebound.
9:11 of 1st period - Joe Pavelski wins face-off versus Jordan Staal in Whalers zone.
9:16 of 1st period - Snap shot by Jordan Staal.
9:16 of 1st period - Shot Misses the Net.
9:18 of 1st period - Slapshot by Brady Skjei.
9:18 of 1st period - Shot Misses the Net.
9:20 of 1st period - Wrist shot by Jordan Staal.
9:20 of 1st period - Stopped by Jacob Markstrom with a rebound.
9:22 of 1st period - Wrist shot by Nick Paul.
9:22 of 1st period - Stopped by Jacob Markstrom without a rebound.
9:23 of 1st period - Sean Couturier wins face-off versus Jordan Staal in Whalers zone.
9:31 of 1st period - Minor Penalty to Jordan Staal for Hooking.
9:32 of 1st period - Joe Pavelski wins face-off versus Ryan Carpenter in Islanders zone.
9:58 of 1st period - Nick Paul is hit by Sean Couturier.
11:31 of 1st period - Penalty to Jordan Staal is over, Jordan Staal is back on ice.
12:07 of 1st period - Snap shot by Johnny Gaudreau.
12:07 of 1st period - Stopped by Jacob Markstrom without a rebound.
12:08 of 1st period - Jordan Staal wins face-off versus Christian Dvorak in Whalers zone.
12:13 of 1st period - Snap shot by Rickard Rakell.
12:13 of 1st period - Shot Blocked by Christian Dvorak.
12:35 of 1st period - Icing by Brock Nelson.
12:36 of 1st period - Sean Couturier wins face-off versus Johnny Gaudreau in Islanders zone.
12:37 of 1st period - Snap shot by Bryan Rust.
12:37 of 1st period - Stopped by Henrik Lundqvist without a rebound.
12:38 of 1st period - Joe Pavelski wins face-off versus Jean-Gabriel Pageau in Islanders zone.
13:30 of 1st period - Snap shot by Rem Pitlick.
13:30 of 1st period - Shot Misses the Net.
13:32 of 1st period - Wrist shot by Johnny Gaudreau.
13:32 of 1st period - Stopped by Jacob Markstrom with a rebound.
13:34 of 1st period - Snap shot by Jake Muzzin.
13:34 of 1st period - Stopped by Jacob Markstrom without a rebound.
13:35 of 1st period - Evgeny Kuznetsov wins face-off versus Joe Pavelski in Whalers zone.
13:40 of 1st period - Wrist shot by Evgeny Kuznetsov.
13:40 of 1st period - Stopped by Jacob Markstrom with a rebound.
13:42 of 1st period - Wrist shot by Jean-Gabriel Pageau.
13:42 of 1st period - Stopped by Jacob Markstrom with a rebound.
13:44 of 1st period - Slapshot by Mathew Dumba.
13:44 of 1st period - Shot Blocked by Joe Pavelski.
13:46 of 1st period - Wrist shot by Nick Bonino.
13:46 of 1st period - Deflect By Evgeny Kuznetsov.
13:46 of 1st period - Stopped by Jacob Markstrom without a rebound.
13:47 of 1st period - Jean-Gabriel Pageau wins face-off versus Joe Pavelski in Whalers zone.
14:40 of 1st period - Backhand shot by Johnny Gaudreau.
14:40 of 1st period - Stopped by Jacob Markstrom without a rebound.
14:41 of 1st period - Sean Couturier wins face-off versus Brock Nelson in Whalers zone.
14:57 of 1st period - Backhand shot by Rem Pitlick.
14:57 of 1st period - Shot Misses the Net.
14:59 of 1st period - Snap shot by Johnny Gaudreau.
14:59 of 1st period - Shot Misses the Net.
15:01 of 1st period - Slapshot by Brian Dumoulin.
15:01 of 1st period - Shot Misses the Net.
15:03 of 1st period - Snap shot by Johnny Gaudreau.
15:03 of 1st period - Stopped by Jacob Markstrom with a rebound.
15:05 of 1st period - Snap shot by Erik Gudbranson.
15:05 of 1st period - Deflect By David Perron.
15:05 of 1st period - Goal by Erik Gudbranson - Whalers : 1 - Islanders : 1.
15:06 of 1st period - Joe Pavelski wins face-off versus Jean-Gabriel Pageau in neutral zone.
15:09 of 1st period - Snap shot by Vladimir Tarasenko.
15:09 of 1st period - Stopped by Henrik Lundqvist without a rebound.
15:10 of 1st period - Joe Pavelski wins face-off versus Jean-Gabriel Pageau in Islanders zone.
15:37 of 1st period - Snap shot by Bryan Rust.
15:37 of 1st period - Stopped by Henrik Lundqvist without a rebound.
15:38 of 1st period - Jordan Staal wins face-off versus Sean Couturier in Islanders zone.
15:38 of 1st period - Jordan Staal is hit by Sean Couturier.
15:52 of 1st period - Slapshot by Rickard Rakell.
15:52 of 1st period - Stopped by Jacob Markstrom without a rebound.
15:53 of 1st period - Jean-Gabriel Pageau wins face-off versus Christian Dvorak in Whalers zone.
15:54 of 1st period - Wrist shot by Evgeny Kuznetsov.
15:54 of 1st period - Shot Misses the Net.
15:56 of 1st period - Snap shot by Brian Dumoulin.
15:56 of 1st period - Stopped by Jacob Markstrom with a rebound.
16:18 of 1st period - Zachary Jones is hit by Rickard Rakell and loses puck.
17:40 of 1st period - Slapshot by Shane Pinto.
17:40 of 1st period - Shot Misses the Net.
17:56 of 1st period - Snap shot by Rickard Rakell.
17:56 of 1st period - Shot Misses the Net.
17:58 of 1st period - Wrist shot by Rickard Rakell.
17:58 of 1st period - Deflect By Jordan Staal.
17:58 of 1st period - Stopped by Jacob Markstrom without a rebound.
17:59 of 1st period - Christian Dvorak wins face-off versus Jordan Staal in Whalers zone.
18:12 of 1st period - Snap shot by Christian Dvorak.
18:12 of 1st period - Stopped by Henrik Lundqvist with a rebound.
18:41 of 1st period - Jean-Gabriel Pageau is hit by David Savard and loses puck.
18:56 of 1st period - David Savard is hit by Braydon Coburn.
19:16 of 1st period - Wrist shot by Ryan Carpenter.
19:16 of 1st period - Stopped by Jacob Markstrom without a rebound.
19:17 of 1st period - Brad Richardson wins face-off versus Christian Dvorak in Whalers zone.
Goals for this period are 1 for Whalers vs 1 for Islanders.
Shots for this period are 7 for Whalers vs 21 for Islanders.

2nd period


0:01 of 2nd period - Jordan Staal wins face-off versus Bryan Rust in neutral zone.
0:31 of 2nd period - Off-side.
0:32 of 2nd period - Jean-Gabriel Pageau wins face-off versus Christian Dvorak in neutral zone.
0:35 of 2nd period - Slapshot by Nick Bonino.
0:35 of 2nd period - Stopped by Jacob Markstrom with a rebound.
0:47 of 2nd period - Snap shot by Drake Batherson.
0:47 of 2nd period - Shot Blocked by Evgeny Kuznetsov.
0:59 of 2nd period - Timo Meier is hit by Brock Nelson and loses puck.
1:08 of 2nd period - Backhand shot by Johnny Gaudreau.
1:08 of 2nd period - Deflect By Rem Pitlick.
1:08 of 2nd period - Shot Misses the Net.
1:08 of 2nd period - Puck is out of play.
1:09 of 2nd period - Jordan Staal wins face-off versus Sean Couturier in Whalers zone.
3:33 of 2nd period - Wrist shot by Jordan Staal.
3:33 of 2nd period - Stopped by Jacob Markstrom without a rebound.
3:34 of 2nd period - Sean Couturier wins face-off versus Brock Nelson in Whalers zone.
5:02 of 2nd period - Rem Pitlick is hit by Bryan Rust and loses puck.
5:13 of 2nd period - Snap shot by Shane Pinto.
5:13 of 2nd period - Stopped by Henrik Lundqvist without a rebound.
5:14 of 2nd period - Shane Pinto wins face-off versus Ryan Carpenter in Islanders zone.
5:19 of 2nd period - Tobias Rieder is hit by Brian Dumoulin and loses puck.
5:45 of 2nd period - Slapshot by Nikita Zadorov.
5:45 of 2nd period - Stopped by Henrik Lundqvist with a rebound.
7:01 of 2nd period - Wrist shot by Nick Bonino.
7:01 of 2nd period - Stopped by Jacob Markstrom without a rebound.
7:02 of 2nd period - Joe Pavelski wins face-off versus Rickard Rakell in Whalers zone.
7:02 of 2nd period - Joe Pavelski is hit by Brady Skjei.
7:27 of 2nd period - Johnny Gaudreau is hit by Mike Hardman and loses puck.
10:15 of 2nd period - Scott Mayfield is hit by Evgeny Kuznetsov and loses puck.
10:16 of 2nd period - Scott Mayfield from Whalers is injured at 10:16 of 2nd period (Torso).
10:17 of 2nd period - Joe Pavelski wins face-off versus Brock Nelson in Whalers zone.
10:21 of 2nd period - Off-side.
10:22 of 2nd period - Joe Pavelski wins face-off versus Brock Nelson in neutral zone.
10:25 of 2nd period - Backhand shot by Roman Josi.
10:25 of 2nd period - Shot Hit the Post.
10:38 of 2nd period - Slapshot by Mathew Dumba.
10:38 of 2nd period - Stopped by Jacob Markstrom without a rebound.
10:39 of 2nd period - Christian Dvorak wins face-off versus Jordan Staal in Whalers zone.
11:25 of 2nd period - Wrist shot by Sean Couturier.
11:25 of 2nd period - Shot Misses the Net.
11:27 of 2nd period - Backhand shot by Bryan Rust.
11:27 of 2nd period - Stopped by Henrik Lundqvist without a rebound.
11:28 of 2nd period - Jean-Gabriel Pageau wins face-off versus Christian Dvorak in Islanders zone.
12:15 of 2nd period - Slapshot by Sam Gagner.
12:15 of 2nd period - Deflect By Ryan Carpenter.
12:15 of 2nd period - Shot Blocked by Timo Meier.
12:15 of 2nd period - Puck is out of play.
12:16 of 2nd period - Brad Richardson wins face-off versus Joe Pavelski in Whalers zone.
12:19 of 2nd period - Wrist shot by Sam Gagner.
12:19 of 2nd period - Shot Misses the Net.
13:54 of 2nd period - Snap shot by Timo Meier.
13:54 of 2nd period - Stopped by Henrik Lundqvist without a rebound.
13:55 of 2nd period - Christian Dvorak wins face-off versus Brock Nelson in Islanders zone.
14:00 of 2nd period - Erik Gudbranson is hit by Mike Hardman.
14:11 of 2nd period - Slapshot by Johnny Gaudreau.
14:11 of 2nd period - Shot Blocked by Mike Hardman.
14:31 of 2nd period - Slapshot by Timo Meier.
14:31 of 2nd period - Deflect By Joe Pavelski.
14:31 of 2nd period - Stopped by Henrik Lundqvist with a rebound.
14:33 of 2nd period - Slapshot by Zachary Jones.
14:33 of 2nd period - Shot Blocked by Mathew Dumba.
14:47 of 2nd period - Snap shot by Shane Pinto.
14:47 of 2nd period - Shot Blocked by Jean-Gabriel Pageau.
15:34 of 2nd period - Wrist shot by Bryan Rust.
15:34 of 2nd period - Shot Misses the Net.
15:36 of 2nd period - Slapshot by Justin Faulk.
15:36 of 2nd period - Stopped by Henrik Lundqvist with a rebound.
15:56 of 2nd period - Wrist shot by David Perron.
15:56 of 2nd period - Shot Blocked by Mathew Dumba.
15:58 of 2nd period - Backhand shot by David Savard.
15:58 of 2nd period - Stopped by Henrik Lundqvist with a rebound.
16:00 of 2nd period - Wrist shot by Sean Couturier.
16:00 of 2nd period - Shot Blocked by Brady Skjei.
16:02 of 2nd period - Slapshot by Sean Couturier.
16:02 of 2nd period - Goal by Sean Couturier - Whalers : 2 - Islanders : 1.
16:03 of 2nd period - Brock Nelson wins face-off versus Christian Dvorak in neutral zone.
16:33 of 2nd period - Jake Muzzin is hit by Zachary Jones and loses puck.
16:45 of 2nd period - Icing by Nick Paul.
16:46 of 2nd period - Jordan Staal wins face-off versus Shane Pinto in Islanders zone.
16:55 of 2nd period - Snap shot by Tobias Rieder.
16:55 of 2nd period - Stopped by Henrik Lundqvist without a rebound.
16:56 of 2nd period - Brock Nelson wins face-off versus Christian Dvorak in Islanders zone.
17:03 of 2nd period - Wrist shot by Johnny Gaudreau.
17:03 of 2nd period - Stopped by Jacob Markstrom with a rebound.
17:09 of 2nd period - Snap shot by Drake Batherson.
17:09 of 2nd period - Shot Misses the Net.
17:11 of 2nd period - Snap shot by Mike Hardman.
17:11 of 2nd period - Stopped by Henrik Lundqvist without a rebound.
17:12 of 2nd period - Jordan Staal wins face-off versus Joe Pavelski in Islanders zone.
17:37 of 2nd period - Snap shot by Drake Batherson.
17:37 of 2nd period - Stopped by Henrik Lundqvist with a rebound.
17:59 of 2nd period - Jean-Gabriel Pageau is hit by David Perron and loses puck.
18:04 of 2nd period - Wrist shot by Bryan Rust.
18:04 of 2nd period - Shot Misses the Net.
18:06 of 2nd period - Slapshot by David Perron.
18:06 of 2nd period - Shot Misses the Net.
18:20 of 2nd period - Erik Gudbranson is hit by Nikita Zadorov and loses puck.
18:40 of 2nd period - Off-side.
18:41 of 2nd period - Jordan Staal wins face-off versus Joe Pavelski in neutral zone.
18:56 of 2nd period - Snap shot by Rickard Rakell.
18:56 of 2nd period - Stopped by Jacob Markstrom without a rebound.
18:57 of 2nd period - Brock Nelson wins face-off versus Christian Dvorak in Whalers zone.
19:10 of 2nd period - Snap shot by Christian Dvorak.
19:10 of 2nd period - Stopped by Henrik Lundqvist without a rebound.
19:11 of 2nd period - Joe Pavelski wins face-off versus Jordan Staal in Islanders zone.
19:14 of 2nd period - Snap shot by Vladimir Tarasenko.
19:14 of 2nd period - Stopped by Henrik Lundqvist with a rebound.
19:16 of 2nd period - Slapshot by Roman Josi.
19:16 of 2nd period - Deflect By Joe Pavelski.
19:16 of 2nd period - Stopped by Henrik Lundqvist without a rebound.
19:17 of 2nd period - Nick Paul wins face-off versus Joe Pavelski in Islanders zone.
19:51 of 2nd period - Brady Skjei is hit by Mike Hardman and loses puck.
Goals for this period are 1 for Whalers vs 0 for Islanders.
Shots for this period are 14 for Whalers vs 6 for Islanders.

3rd period


0:01 of 3rd period - Christian Dvorak wins face-off versus Jean-Gabriel Pageau in neutral zone.
0:26 of 3rd period - Sean Couturier is hit by Braydon Coburn and loses puck.
1:16 of 3rd period - Wrist shot by Jean-Gabriel Pageau.
1:16 of 3rd period - Stopped by Jacob Markstrom with a rebound.
1:18 of 3rd period - Snap shot by Evgeny Kuznetsov.
1:18 of 3rd period - Shot Blocked by Timo Meier.
1:20 of 3rd period - Slapshot by Jake Muzzin.
1:20 of 3rd period - Shot Blocked by Zachary Jones.
1:22 of 3rd period - Wrist shot by Evgeny Kuznetsov.
1:22 of 3rd period - Shot Misses the Net.
1:28 of 3rd period - Minor Penalty to Timo Meier for Cross-checking.
1:29 of 3rd period - Brock Nelson wins face-off versus Christian Dvorak in Whalers zone.
1:30 of 3rd period - Snap shot by Johnny Gaudreau.
1:30 of 3rd period - Shot Blocked by Shane Pinto.
1:57 of 3rd period - Snap shot by Jean-Gabriel Pageau.
1:57 of 3rd period - Shot Blocked by Nikita Zadorov.
2:05 of 3rd period - Snap shot by Evgeny Kuznetsov.
2:05 of 3rd period - Shot Blocked by Justin Faulk.
2:07 of 3rd period - Snap shot by Evgeny Kuznetsov.
2:07 of 3rd period - Shot Misses the Net.
3:04 of 3rd period - Icing by Evgeny Kuznetsov.
3:05 of 3rd period - Brock Nelson wins face-off versus Tobias Rieder in Islanders zone.
3:28 of 3rd period - Penalty to Timo Meier is over, Timo Meier is back on ice.
4:21 of 3rd period - Wrist shot by Drake Batherson.
4:21 of 3rd period - Shot Blocked by Erik Gudbranson.
4:27 of 3rd period - Minor Penalty to Erik Gudbranson for Hooking.
4:28 of 3rd period - Brad Richardson wins face-off versus Timo Meier in Islanders zone.
4:53 of 3rd period - Brian Dumoulin is hit by Roman Josi and loses puck.
5:44 of 3rd period - Nick Paul is hit by Joe Pavelski and loses puck.
6:27 of 3rd period - Penalty to Erik Gudbranson is over, Erik Gudbranson is back on ice.
6:39 of 3rd period - Wrist shot by Johnny Gaudreau.
6:39 of 3rd period - Deflect By Rem Pitlick.
6:39 of 3rd period - Shot Blocked by Drake Batherson.
6:39 of 3rd period - Puck is out of play.
6:40 of 3rd period - Christian Dvorak wins face-off versus Brock Nelson in Whalers zone.
6:40 of 3rd period - Christian Dvorak is hit by Rem Pitlick.
6:48 of 3rd period - Slapshot by Christian Dvorak.
6:48 of 3rd period - Shot Blocked by Brian Dumoulin.
6:58 of 3rd period - Roman Josi is hit by Erik Gudbranson and loses puck.
7:03 of 3rd period - Slapshot by Johnny Gaudreau.
7:03 of 3rd period - Shot Blocked by Christian Dvorak.
7:05 of 3rd period - Slapshot by Jake Muzzin.
7:05 of 3rd period - Shot Blocked by Justin Faulk.
7:07 of 3rd period - Snap shot by Johnny Gaudreau.
7:07 of 3rd period - Shot Blocked by Mike Hardman.
7:09 of 3rd period - Snap shot by Rem Pitlick.
7:09 of 3rd period - Stopped by Jacob Markstrom without a rebound.
7:10 of 3rd period - Jean-Gabriel Pageau wins face-off versus Bryan Rust in Whalers zone.
7:11 of 3rd period - Wrist shot by Evgeny Kuznetsov.
7:11 of 3rd period - Stopped by Jacob Markstrom with a rebound.
7:19 of 3rd period - Slapshot by Zachary Jones.
7:19 of 3rd period - Stopped by Henrik Lundqvist without a rebound.
7:20 of 3rd period - Jean-Gabriel Pageau wins face-off versus Sean Couturier in Islanders zone.
8:34 of 3rd period - Bryan Rust is hit by Jean-Gabriel Pageau.
9:08 of 3rd period - Slapshot by Erik Gudbranson.
9:08 of 3rd period - Stopped by Jacob Markstrom with a rebound.
9:10 of 3rd period - Wrist shot by Brian Dumoulin.
9:10 of 3rd period - Deflect By Evgeny Kuznetsov.
9:10 of 3rd period - Shot Blocked by Roman Josi.
9:10 of 3rd period - Puck is out of play.
9:11 of 3rd period - Jordan Staal wins face-off versus Joe Pavelski in Whalers zone.
9:14 of 3rd period - Wrist shot by Rickard Rakell.
9:14 of 3rd period - Stopped by Jacob Markstrom without a rebound.
9:15 of 3rd period - Joe Pavelski wins face-off versus Jordan Staal in Whalers zone.
9:27 of 3rd period - Minor Penalty to Jordan Staal for Roughing.
9:28 of 3rd period - Ryan Carpenter wins face-off versus Drake Batherson in Islanders zone.
9:42 of 3rd period - Snap shot by Timo Meier.
9:42 of 3rd period - Stopped by Henrik Lundqvist with a rebound.
9:44 of 3rd period - Slapshot by Zachary Jones.
9:44 of 3rd period - Shot Misses the Net.
11:00 of 3rd period - Icing by Zachary Jones.
11:01 of 3rd period - Drake Batherson wins face-off versus Evgeny Kuznetsov in Whalers zone.
11:01 of 3rd period - Drake Batherson is hit by Ryan Carpenter.
11:27 of 3rd period - Penalty to Jordan Staal is over, Jordan Staal is back on ice.
11:39 of 3rd period - Wrist shot by Drake Batherson.
11:39 of 3rd period - Shot Blocked by Jordan Staal.
12:30 of 3rd period - Jordan Staal is hit by Joe Pavelski.
13:20 of 3rd period - Wrist shot by Sean Couturier.
13:20 of 3rd period - Stopped by Henrik Lundqvist without a rebound.
13:21 of 3rd period - Joe Pavelski wins face-off versus Brock Nelson in Islanders zone.
13:32 of 3rd period - Wrist shot by Johnny Gaudreau.
13:32 of 3rd period - Shot Blocked by Zachary Jones.
13:34 of 3rd period - Wrist shot by Johnny Gaudreau.
13:34 of 3rd period - Stopped by Jacob Markstrom with a rebound.
13:42 of 3rd period - Minor Penalty to David Savard for Tripping.
13:43 of 3rd period - Christian Dvorak wins face-off versus Brock Nelson in Whalers zone.
14:08 of 3rd period - Snap shot by Jordan Staal.
14:08 of 3rd period - Stopped by Jacob Markstrom with a rebound.
15:42 of 3rd period - Penalty to David Savard is over, David Savard is back on ice.
15:55 of 3rd period - Sam Gagner is hit by David Savard and loses puck.
16:14 of 3rd period - Braydon Coburn is hit by Sean Couturier and loses puck.
16:55 of 3rd period - Evgeny Kuznetsov is hit by Mike Hardman and loses puck.
17:16 of 3rd period - Mathew Dumba is hit by Bryan Rust and loses puck.
17:37 of 3rd period - Johnny Gaudreau is hit by Shane Pinto and loses puck.
18:03 of 3rd period - Nick Bonino is hit by Mike Hardman.
18:25 of 3rd period - Mathew Dumba is hit by Timo Meier and loses puck.
19:39 of 3rd period - Islanders, Henrik Lundqvist is pulled from the net.
19:41 of 3rd period - Wrist shot by Rem Pitlick.
19:41 of 3rd period - Stopped by Jacob Markstrom with a rebound.
19:43 of 3rd period - Snap shot by Sam Gagner.
19:43 of 3rd period - Stopped by Jacob Markstrom with a rebound.
19:45 of 3rd period - Snap shot by Brock Nelson.
19:45 of 3rd period - Shot Misses the Net.
19:47 of 3rd period - Snap shot by Rem Pitlick.
19:47 of 3rd period - Shot Misses the Net.
19:49 of 3rd period - Slapshot by Jake Muzzin.
19:49 of 3rd period - Shot Misses the Net.
19:51 of 3rd period - Slapshot by Braydon Coburn.
19:51 of 3rd period - Shot Misses the Net.
19:53 of 3rd period - Slapshot by Braydon Coburn.
19:53 of 3rd period - Shot Blocked by Sean Couturier.
19:59 of 3rd period - Wrist shot by Rem Pitlick.
19:59 of 3rd period - Stopped by Jacob Markstrom without a rebound.
Goals for this period are 0 for Whalers vs 0 for Islanders.
Shots for this period are 3 for Whalers vs 10 for Islanders. Output by the SimonT Hockey Simulator (STHS) for Eric Tremblay - Original Page W3C HTML5 Valid
Hockey Simulator - Hockey Simulation - Hockey Manager